 Dungeon Crawl Stone Soup version 0.23.2-33-g5129a83184 (webtiles) character file.

Game seed: 985172523032113992

1201 quartz the Slasher (level 8, -1/66 HPs)
             Began as a Centaur Gladiator on July 8, 2019.
             Slain by a gnoll
             ... wielding a +2 halberd of protection
              (5 damage)
             ... on level 6 of the Dungeon on July 11, 2019.
             The game lasted 00:42:30 (5293 turns).

quartz the Slasher (Centaur Gladiator)              Turns: 5293, Time: 00:42:30

Health: -1/66      AC:  8    Str: 20    XL:     8   Next: 21%
Magic:  8/8        EV: 11    Int:  7    God:
Gold:   242        SH:  0    Dex: 13    Spells: 7/7 levels left

rFire    . . .     SeeInvis .   P - +0 falchion
rCold    + . .     Gourm    .   (no shield)
rNeg     . . .     Faith    .   b - +0 leather armour
rPois    .         Spirit   .   W - +0 helmet
rElec    .         Reflect  .   (no cloak)
rCorr    .         Harm     .   g - +1 pair of gloves {Dex+3}
MR       .....                  (no barding)
Stlth    +.........             U - amulet of magic regeneration
HPRegen  0.21/turn              h - ring of protection from cold
MPRegen  0.36/turn              (no ring)

@: very quick
A: large, hooves 3, deformed body, speed 2, tough skin 3
a: no special abilities


You were on level 6 of the Dungeon.
You were hungry.

You visited 1 branch of the dungeon, and saw 6 of its levels.

You collected 242 gold pieces.

Inventory:

Hand Weapons
 a - a +0 long sword
 z - a +0 blowgun
 G - a +0 hunting sling
 P - a +0 falchion (weapon)
 Q - a +2 flail of holy wrath
 R - a +0 rapier
Missiles
 d - 6 throwing nets
 e - 253 stones (quivered)
 n - 69 sling bullets
 r - 65 arrows
 u - 32 poisoned needles
 K - 47 bolts
Armour
 b - a +0 leather armour (worn)
 c - a +0 helmet
 g - a +1 pair of gloves of dexterity (worn)
 i - a +0 robe
 k - a +0 animal skin
 s - a +0 animal skin
 t - a +0 animal skin
 w - a +0 animal skin
 x - a +0 animal skin
 y - a +0 animal skin
 F - a +0 robe
 W - a +0 helmet (worn)
Jewellery
 h - a ring of protection from cold (left hand)
 M - an uncursed ring of teleportation
 U - an amulet of magic regeneration (around neck)
Wands
 J - a wand of flame (11)
Scrolls
 l - 3 scrolls of teleportation
 m - 5 scrolls of remove curse
 q - 4 scrolls of identify {unknown}
 v - a scroll of fear
 E - a scroll of immolation {unknown}
 I - a scroll of enchant weapon {unknown}
 L - 3 scrolls of amnesia {unknown}
 S - a scroll of random uselessness {unknown}
 T - a scroll of blinking {unknown}
 V - a scroll of acquirement {unknown}
Potions
 j - a potion of agility {unknown}
 o - a potion of degeneration {unknown}
 p - a potion of berserk rage {unknown}
 B - 2 potions of brilliance {unknown}
 C - a potion of might {unknown}
 D - a potion of experience {unknown}
 H - 2 potions of lignification {unknown}
 N - 4 potions of curing {unknown}
 O - 2 potions of resistance {unknown}
Comestibles
 f - 16 rations


   Skills:
 + Level 3.7 Fighting
 + Level 5.9 Long Blades
 + Level 0.6(2.3) Slings
 + Level 3.6(3.7) Throwing
 + Level 3.1 Armour
 * Level 3.9 Dodging
 + Level 0.6 Stealth
 + Level 1.1 Evocations


You had 7 spell levels left.
You didn't know any spells.
Your spell library was empty.

Dungeon Overview and Level Annotations

Branches:
Dungeon (6/15)
 Temple: D:4-7

Altars:
Kikubaaqudgha
Ru
Trog
Yredelemnul

Shops:
D:4 [


Innate Abilities, Weirdness & Mutations

You have hooves in place of feet.
Armour fits poorly on your strangely shaped body.
You cover ground very quickly.
You have extremely tough skin. (AC +3)


Message History

Press: ? - help, Shift-Dir - straight line, f/p - gnoll
Aim: a gnoll, wielding a +2 halberd of protection (moderately wounded)
You throw a stone. The stone completely misses the gnoll.
Throwing (i - inventory. (/) - cycle)
e - 254 stones (quivered)
Press: ? - help, Shift-Dir - straight line, f/p - gnoll
Aim: a gnoll, wielding a +2 halberd of protection (moderately wounded)
You throw a stone. The stone hits the gnoll.
The gnoll is heavily wounded.
The gnoll hits you from afar with a +2 halberd of protection!
* * * LOW HITPOINT WARNING * * *
As you read the scroll of teleportation, it crumbles to dust.
You feel strangely unstable.
The gnoll hits you from afar with a +2 halberd of protection.
* * * LOW HITPOINT WARNING * * *
Remove which piece of jewellery? (? for menu, Esc to quit)
Okay, then.
As you read the scroll of teleportation, it crumbles to dust.
You feel strangely stable.
The gnoll hits you from afar with a +2 halberd of protection.
You die...

### ######.....
#..@...# #g######
#.# ....
########g##########
...
.........(.gg.....#
#..
.#######.########.#
#.? .# #...## #.#
###..#.# #....# #g#
...(.(.# #....# #.#


You could see a gnoll.

Vanquished Creatures
  Sigmund (D:6)
  The ghost of Hycrow the Cudgeler, an amateur MiAK of Lugonu (D:4)
  Duvessa (D:6)
  2 ice beasts
  A bullfrog (D:6)
  3 scorpions
  2 crimson imps
  A hound (D:4)
  A jelly (D:5)
  2 orc wizards (D:5)
  A bullfrog skeleton (D:4)
  A hound zombie (D:5)
  A gnoll (D:6)
  7 adders
  A shadow imp (D:6)
  An ooze (D:4)
  3 dart slugs
  3 leopard geckos (D:1)
  6 orcs
  A ball python (D:4)
  5 giant cockroaches
  10 goblins
  9 hobgoblins
  4 jackals (D:5)
  16 kobolds
  A quokka (D:5)
  12 bats
  9 frilled lizards
  A quokka skeleton (D:5)
  6 rats
  A spectral orc (D:2)
  A withered plant (D:2)
115 creatures vanquished.

Notes
Turn   | Place    | Note
-------+----------+-------------------------------------------
     0 | D:1      | quartz the Centaur Gladiator began the quest for the Orb.
     0 | D:1      | Reached XP level 1. HP: 17/17 MP: 1/1
   147 | D:1      | Reached XP level 2. HP: 24/24 MP: 2/2
   156 | D:1      | Reached skill level 3 in Long Blades
   617 | D:1      | Reached XP level 3. HP: 29/29 MP: 3/3
   877 | D:2      | Noticed an ice beast
   892 | D:2      | Killed an ice beast
   892 | D:2      | Reached XP level 4. HP: 6/37 MP: 4/4
  1216 | D:2      | Reached skill level 4 in Long Blades
  1237 | D:2      | Found an ancient bone altar of Kikubaaqudgha.
  1262 | D:2      | Reached XP level 5. HP: 42/42 MP: 5/5
  1461 | D:2      | Reached skill level 1 in Armour
  1595 | D:2      | Found a basalt altar of Yredelemnul.
  2130 | D:3      | Found a bloodstained altar of Trog.
  2759 | D:4      | Reached XP level 6. HP: 40/50 MP: 6/6
  2792 | D:4      | Found a sacrificial altar of Ru.
  2894 | D:4      | Found Zucsuott's Antique Armour Shop.
  3240 | D:4      | Found a runed translucent door.
  3241 | D:4      | Noticed Hycrow's ghost (amateur MiAK)
  3293 | D:4      | Killed Hycrow's ghost
  4061 | D:5      | Entered Level 5 of the Dungeon
  4120 | D:5      | Reached XP level 7. HP: 53/57 MP: 7/7
  4152 | D:5      | Reached skill level 5 in Long Blades
  4559 | D:5      | Reached skill level 1 in Evocations
  5046 | D:6      | Noticed Sigmund
  5054 | D:6      | Noticed Duvessa
  5138 | D:6      | Killed Duvessa
  5138 | D:6      | Reached XP level 8. HP: 47/64 MP: 8/8
  5257 | D:6      | Killed Sigmund
  5293 | D:6      | Slain by a gnoll

Skill      XL: |  1  2  3  4  5  6  7 |
---------------+----------------------+-----
Long Blades    | 3 4 5 |  5.9
Dodging        | 3 |  3.9
Armour         | 1 2 3 |  3.1
Fighting       | 3 |  3.7
Throwing       | 3 |  3.6
Evocations     | 1 |  1.1
Slings         | |  0.6
Stealth        | |  0.6

Action                   |  1- 3 |  4- 6 |  7- 9 || total
-------------------------+-------+-------+-------++-------
Melee: Long sword        |    87 |   102 |       ||   189
       Kick              |    28 |    40 |    35 ||   103
       Falchion          |       |    32 |    97 ||   129
 Fire: Hunting sling     |       |       |     2 ||     2
Throw: Stone             |       |     8 |    52 ||    60
Evoke: Wand              |       |     4 |    10 ||    14
  Use: Scroll            |       |     4 |     2 ||     6
       Potion            |       |       |     2 ||     2
  Eat: Ration            |       |     2 |       ||     2
       Chunk             |       |     1 |     2 ||     3
Armor: Leather armour    |    41 |    65 |    32 ||   138
Dodge: Dodged            |    36 |    67 |    57 ||   160
       Rpst.: Long sword |    13 |    11 |       ||    24
       Falchion          |       |     3 |    11 ||    14
